 Dungeon Crawl Stone Soup version 0.22.1-1-ga44c0e56f4 (webtiles) character file.

712 Blejac999 the Ruffian (level 7, -1/58 (59) HPs)
             Began as a Ghoul Monk on Sept 23, 2018.
             Slain by a two-headed ogre
             ... wielding a +0 giant club
              (12 damage)
             ... on level 5 of the Dungeon.
             The game lasted 00:08:54 (4748 turns).

Blejac999 the Ruffian (Ghoul Monk)                  Turns: 4748, Time: 00:08:54

HP:   -1/58 (59)    AC:  6    Str: 16      XL:     7   Next: 68%
MP:   6/6           EV: 13    Int:  5      God:
Gold: 263           SH:  3    Dex: 11 (12) Spells: 6/6 levels left

rFire    . . .     SeeInvis .     - Unarmed
rCold    + + .     Gourm    .   (no shield)
rNeg     + + +     Faith    .   q - +1 leather armour {rC+}
rPois    ∞         Spirit   .   e - +0 helmet
rElec    .         Reflect  +   (no cloak)
rCorr    .         Harm     .   (no gloves)
MR       .....                  a - +0 pair of boots
Stlth    ++........             c - +3 amulet of reflection
HPRegen  0.00/turn              j - ring of wizardry
MPRegen  0.10/turn              (no ring)

@: rotting
A: rotting body, claws 1, carnivore, cold resistance 1, negative energy
resistance 3, inhibited regeneration, torment resistance, unbreathing
a: no special abilities


You were on level 5 of the Dungeon.
You were not hungry.

You visited 1 branch of the dungeon, and saw 5 of its levels.

You collected 263 gold pieces.

Inventory:

Hand Weapons
 l - the +1 whip of Bloodstone {speed, rPois rC+ MR+}
   (You found it on level 4 of the Dungeon)

   Attacks with this weapon are significantly faster.
   It protects you from cold.
   It protects you from poison.
   It affects your resistance to hostile enchantments.
Armour
 a - a +0 pair of boots (worn)
 e - a +0 helmet (worn)
 q - a +1 leather armour of cold resistance (worn)
Jewellery
 c - a +3 amulet of reflection (around neck)
 j - a ring of wizardry (left claw)
Scrolls
 d - a scroll of teleportation
 g - a scroll of amnesia
 n - a scroll of enchant armour
 o - 3 scrolls of remove curse
Potions
 f - a potion of heal wounds {unknown}
 i - a potion of flight
 m - a potion of invisibility
 p - a potion of agility
Comestibles
 b - 17 rations


   Skills:
 + Level 4.3 Fighting
 + Level 0.4 Maces & Flails
 + Level 2.6 Armour
 + Level 3.9 Dodging
 + Level 3.5 Stealth
 + Level 7.1 Unarmed Combat


You had 6 spell levels left.
You didn't know any spells.
Your spell library was empty.

Dungeon Overview and Level Annotations

Branches:
Dungeon (5/15)
 Temple: D:4-7

Altars:
Sif Muna


Innate Abilities, Weirdness & Mutations

Your body is rotting away.
You thrive on raw meat.
You are immune to poison.
You have sharp fingernails.
You are carnivorous and can eat meat at any time.
Your flesh is cold resistant. (rC+)
You are immune to negative energy. (rN+++)
You do not regenerate when monsters are visible.
You are immune to unholy pain and torment.
You can survive without breathing.


Message History

The two-headed ogre is lightly wounded.
The two-headed ogre misses you. The two-headed ogre barely misses you.
You scratch the two-headed ogre.
The two-headed ogre is lightly wounded.
You scratch the two-headed ogre.
The two-headed ogre is lightly wounded.
The two-headed ogre hits you with a giant club!
The two-headed ogre closely misses you.
You scratch the two-headed ogre.
The two-headed ogre is moderately wounded.
The two-headed ogre closely misses you.
The two-headed ogre hits you with a giant club!
You claw the two-headed ogre!
The two-headed ogre is moderately wounded.
You scratch the two-headed ogre but do no damage.
The two-headed ogre is moderately wounded.
The two-headed ogre hits you with a giant club!!
* * * LOW HITPOINT WARNING * * *
The two-headed ogre hits you with a giant club!
You die...

##.## ##'##
#####.#########.#
#.............#.#
#.###.###.###.#.## #.#
#.# #.# #....## #.#
#.###.###.....# #.#
#............##
#.###.###.###....#######
#......@O.(.............
##############...#######
##.## #.#
##########.#####
#..............#
#.####..##.###.# ##
#.####..#......# #.
#.#..........#.###.


You could see a two-headed ogre.

Vanquished Creatures
  2 ogres
  A scorpion (D:5)
  2 hounds
  An orc wizard (D:4)
  A centaur skeleton (D:4)
  A jelly (D:4)
  Jessica (D:3)
  An iguana (D:5)
  4 worker ants
  Robin (D:3)
  6 adders
  An ooze (D:2)
  An adder skeleton (D:5)
  3 worms (D:2)
  2 dart slugs
  3 leopard geckos
  13 orcs
  7 giant cockroaches
  15 goblins
  8 hobgoblins
  4 jackals (D:1)
  A quokka (D:5)
  A ball python (D:3)
  12 bats
  11 frilled lizards
  7 kobolds
  A quokka skeleton (D:4)
  A quokka zombie (D:5)
  6 rats (D:1)
118 creatures vanquished.

Notes
Turn   | Place    | Note
-------+----------+-------------------------------------------
     0 | D:1      | Blejac999 the Ghoul Monk began the quest for the Orb.
     0 | D:1      | Reached XP level 1. HP: 19/19 MP: 0/0
    74 | D:1      | Reached XP level 2. HP: 23/26 MP: 1/1
   492 | D:1      | Reached XP level 3. HP: 32/33 MP: 2/2
   978 | D:1      | Reached skill level 4 in Unarmed Combat
  1190 | D:2      | Reached skill level 1 in Armour
  1263 | D:2      | Reached XP level 4. HP: 38/40 MP: 3/3
  1806 | D:3      | Noticed Jessica
  1812 | D:3      | Killed Jessica
  1814 | D:3      | Reached XP level 5. HP: 42/46 MP: 4/4
  1879 | D:3      | Noticed Robin
  2198 | D:3      | Killed Robin
  2198 | D:3      | Reached skill level 5 in Unarmed Combat
  2706 | D:4      | Reached XP level 6. HP: 42/52 MP: 5/5
  2755 | D:4      | Got an ancient whip
  2756 | D:4      | Identified the +1 whip of Bloodstone {speed, rPois rC+ MR+}
                  | (You found it on level 4 of the Dungeon)
  3092 | D:4      | Reached skill level 6 in Unarmed Combat
  3235 | D:4      | Reached XP level 7. HP: 59/59 MP: 6/6
  3408 | D:5      | Entered Level 5 of the Dungeon
  3440 | D:5      | Noticed a two-headed ogre
  4429 | D:5      | Found a deep blue altar of Sif Muna.
  4487 | D:5      | Reached skill level 7 in Unarmed Combat
  4748 | D:5      | Slain by a two-headed ogre

Skill      XL: |  1  2  3  4  5  6  7 |
---------------+----------------------+-----
Dodging        | 3 |  3.9
Unarmed Combat | 4 5 6 7 |  7.1
Armour         | 1 2 |  2.6
Stealth        | 3 |  3.5
Fighting       | 4 |  4.3
Maces & Flails | |  0.4

Action                   |  1- 3 |  4- 6 |  7- 9 || total
-------------------------+-------+-------+-------++-------
Melee: Unarmed           |   143 |   148 |    73 ||   364
       Punch             |     1 |       |     2 ||     3
       Whip              |       |    11 |       ||    11
  Use: Scroll            |       |     5 |     7 ||    12
       Potion            |       |     4 |       ||     4
 Stab: Sleeping          |       |     4 |     2 ||     6
  Eat: Chunk             |     2 |     6 |     4 ||    12
Armor: Robe              |     2 |       |       ||     2
       Leather armour    |    65 |    27 |     8 ||   100
Dodge: Dodged            |   138 |    86 |    33 ||   257
Block: Other             |       |     1 |     8 ||     9
